 Dungeon Crawl Stone Soup version 0.28-a0-1510-gd0f6b136d3 (webtiles) character file.

Game seed: 10029287919298986405

72 kae the Insei (level 4, -1/32 HPs)
             Began as a Demonspawn Transmuter on Jan 14, 2022.
             Succumbed to an adder's poison
             ... on level 2 of the Dungeon.
             The game lasted 00:00:53 (1854 turns).

kae the Insei (Demonspawn Transmuter)               Turns: 1854, Time: 00:00:54

Health: -1/32      AC:  2    Str:  9 (11) XL:     4   Next: 7%
Magic:  3/7        EV: 19    Int: 16      God:
Gold:   39         SH:  0    Dex: 16 (18) Spells: 3/7 levels left

rFire   . . .      SeeInvis .     - Unarmed
rCold   . . .      Faith    .   (shield currently unavailable)
rNeg    . . .      Spirit   .   (armour currently unavailable)
rPois   x          Reflect  .   (helmet currently unavailable)
rElec   .          Harm     .   (cloak currently unavailable)
rCorr   .          Rampage  .   (gloves currently unavailable)
Will    .....                   (boots currently unavailable)
Stlth   +.........              (no amulet)
HPRegen 0.10/turn               (no ring)
MPRegen 0.20/turn               (no ring)

@: lethally poisoned (-1 -> -8), spider-form
A: venomous fangs, tiny, ignite blood 1, magic regeneration
a: End Transformation


You were on level 2 of the Dungeon.
You were a venomous arachnid creature.
You visited 1 branch of the dungeon, and saw 2 of its levels.

You collected 39 gold pieces.

Inventory:

Armour
 a - a +0 robe (melded)
 e - a +0 cloak (melded)
Jewellery
 d - a ring of poison resistance
Scrolls
 f - a scroll of enchant weapon {unknown}


   Skills:
 + Level 1.5 Fighting
 + Level 2.1 Dodging
 * Level 3.2 Unarmed Combat
 + Level 2.2 Spellcasting
 * Level 2.5 Transmutations
 * Level 0.9 Poison Magic


You had 3 spell levels left.
You knew the following spells:

 Your Spells              Type           Power      Damage    Failure   Level
a - Beastly Appendage     Tmut           20%        N/A       19%         1
b - Spider Form           Tmut/Pois      7%         N/A       52%         3

Your spell library contained the following spells:

 Spells                   Type           Power      Damage    Failure   Level
 Wereblood                Tmut           10%        N/A       26%         2
 Ice Form                 Ice/Tmut       5%         N/A       89%         4


Dungeon Overview and Level Annotations

Branches:
Dungeon (2/15)

Altars:


Innate Abilities, Weirdness & Mutations

You are a venomous arachnid creature.
You have poisonous fangs.
You are tiny and dextrous.
Your spellcasting is less reliable in this form.
Your armour is entirely melded.
You are incapable of wielding weapons or throwing items.
Your demonic aura sometimes causes spilled blood to erupt in flames.
You regenerate magic rapidly.


Message History

You are poisoned.
The adder poisons you!
You are too injured to fight recklessly!
You are too injured to fight recklessly!
You are too injured to fight recklessly!
You are too injured to fight recklessly!
Casting: Beastly Appendage (safe; 7% risk of failure)
Confirm with . or Enter, or press ? or * to list all spells.
The spell is extremely dangerous to miscast (30% risk of failure)!
Continue anyway? [Y]es or [N]o only, please.
The spell is extremely dangerous to miscast (30% risk of failure)!
Continue anyway?
You turn into a venomous arachnid creature.
Your +0 cloak melds into your body.
Your +0 robe melds into your body.
You feel sick. The adder barely misses you. The adder bites you.
You are lethally poisoned!
The adder poisons you!
You closely miss the adder.
The adder is heavily wounded.
You feel very sick. The adder closely misses you.
You barely miss the adder.
The adder is heavily wounded.
* * * LOW HITPOINT WARNING * * *
You feel very sick. The adder closely misses you.
You hit the adder but do no damage.
The adder is poisoned.
The adder is heavily wounded.
* * * LOW HITPOINT WARNING * * *
You feel sick. The adder closely misses you.
You hit the adder.
The adder looks as sick as possible!
The adder is almost dead.
* * * LOW HITPOINT WARNING * * *
You feel sick.
You kill the adder!
You have reached level 4!
You feel stronger.
Your demonic ancestry asserts itself...
Your magic begins to regenerate rapidly.
You aren't carrying any potions.
There is a lethal amount of poison in your body!
You die...

### ....... >.?
......... ..#
.......... ..#
.......... ..#
.........# ..###.#
.........##†......
..........s..###
...........#...#
......†..##.......
.........#.#..#.#.. ..
#......##.#...# # #
...##.#....#.##....#
...#.#.#..#.#.#....#.#.
....#.##..##.#.........
.....##....##......#.#.


There were no monsters in sight!

Vanquished Creatures
  4 adders (D:2)
  A worm (D:2)
  2 dart slugs (D:1)
  3 ball pythons (D:1)
  A bat (D:1)
  3 endoplasms (D:1)
  3 goblins (D:1)
  3 hobgoblins
  4 quokkas
  2 frilled lizards
  A kobold (D:1)
  2 rats
29 creatures vanquished.

Notes
Turn   | Place    | Note
-------+----------+-------------------------------------------
     0 | D:1      | kae the Demonspawn Transmuter began the quest for the Orb.
     0 | D:1      | Reached XP level 1. HP: 15/15 MP: 3/3
   290 | D:1      | Gained mutation: Your demonic aura sometimes causes spilled
                  | blood to erupt in flames. [demonic ancestry]
   290 | D:1      | Reached XP level 2. HP: 21/21 MP: 3/5
   680 | D:1      | Reached skill level 3 in Unarmed Combat
  1301 | D:1      | Found a faded altar of an unknown god.
  1597 | D:2      | Reached XP level 3. HP: 21/26 MP: 4/6
  1601 | D:2      | Learned a level 3 spell: Spider Form
  1853 | D:2      | HP: 1/26 [poisoned by an adder]
  1854 | D:2      | Gained mutation: You regenerate magic rapidly. [demonic
                  | ancestry]
  1854 | D:2      | Reached XP level 4. HP: 1/32 MP: 3/7
  1854 | D:2      | Succumbed to an adder's poison

Illustrated notes

Levels and vault maps discovered:
D:1:      lightli_arrival_noodles, layout_basic, ebering_ecumenical_altar_mist
D:2:      layout_basic, minmay_misc_feat_secret_circle

Skill      XL: |  1  2 |
---------------+-------+-----
Transmutations | 2 |  2.5
Dodging        | 2 |  2.1
Unarmed Combat | 3 |  3.2
Fighting       | |  1.5
Spellcasting   | |  2.2
Poison Magic   | |  0.9

Action                   |  1- 3 |  4- 6 || total
-------------------------+-------+-------++-------
Melee: Unarmed           |   104 |       ||   104
       Kick              |    16 |       ||    16
       Headbutt          |     5 |       ||     5
 Cast: Beastly Appendage |    17 |       ||    17
       Spider Form       |     2 |       ||     2
  Use: Potion            |     2 |       ||     2
 Stab: Sleeping          |     1 |       ||     1
Armor: Robe              |    18 |       ||    18
       Skin              |     1 |       ||     1
Dodge: Dodged            |    60 |       ||    60

Table legend: (Time is in decaauts)
 A = Elapsed time spent in this place.
 B = Non-inter-level travel time spent in this place.
 C = Inter-level travel time spent in this place.
 D = Time resting spent in this place.
 E = Time spent auto-exploring this place.
 F = Levels seen in this place.
 G = Mean time per level.
                   A        B        C        D        E       F      G
               +--------+--------+--------+--------+--------+-----+--------+
         Total |   1848 |   1685 |    163 |      0 |   1453 |   2 |  924.0 |
       Dungeon |   1848 |   1685 |    163 |      0 |   1453 |   2 |  924.0 |
               +--------+--------+--------+--------+--------+-----+--------+

Top non-repeatable levels by time:
     D:1: 1574 daAuts
     D:2: 273 daAuts
